 Dungeon Crawl Stone Soup version 0.26-a0-257-g47e9e61525 (webtiles) character file.

Game seed: 674618895972086460

137932 Infinimo the Imperceptible (level 16, -3/87 HPs)
             Began as a Spriggan Berserker on July 10, 2020.
             Was the Champion of Trog.
             Slain by an eight-headed hydra simulacrum (10 damage)
             ... on level 4 of the Swamp.
             The game lasted 00:58:06 (40059 turns).

Infinimo the Imperceptible (Spriggan Berserker)    Turns: 40059, Time: 00:58:07

Health: -3/87      AC:  7    Str: 13    XL:     16   Next: 70%
Magic:  0/17       EV: 40    Int: 10    God:    Trog [******]
Gold:   2639       SH:  9    Dex: 27    Spells: 15/15 levels left

rFire    . . .     SeeInvis +   J - +2 rapier (speed)
rCold    . . .     Faith    .   O - +0 buckler
rNeg     . . .     Spirit   +   D - +1 steam dragon scales
rPois    .         Reflect  .   (helmet restricted)
rElec    .         Harm     .   y - +0 cloak
rCorr    .                      (gloves unavailable)
MR       ++...                  (boots unavailable)
Stlth    +++++.....             K - amulet of guardian spirit
HPRegen  0.24/turn              h - ring of stealth
MPRegen  0.15/turn              f - +6 ring of dexterity

@: berserk cooldown, slowed, very slow
A: very small, unfitting armour, see invisible, herbivore, speed 3, slow
metabolism 2
a: Berserk, Trog's Hand, Brothers in Arms, Renounce Religion


You were on level 4 of the Swamp.
You worshipped Trog.
Trog was exalted by your worship.
You were not hungry.

You visited 4 branches of the dungeon, and saw 27 of its levels.
You also visited: Bailey and Volcano.

You collected 3113 gold pieces.
You spent 474 gold pieces at shops.

Inventory:

Hand Weapons
 J - a +2 rapier of speed (weapon)
Armour
 y - a +0 cloak (worn)
 D - +1 steam dragon scales (worn)
 O - a +0 buckler (worn)
Jewellery
 f - a +6 ring of dexterity (right hand)
 h - a ring of stealth (left hand)
 q - an uncursed ring of flight
 H - an uncursed ring of protection from cold
 K - an amulet of guardian spirit (around neck)
 P - an uncursed ring of fire
Wands
 i - a wand of digging (4)
 o - a wand of iceblast (61)
 r - a wand of acid (9)
 u - a wand of disintegration (15)
 E - a wand of clouds (20)
Scrolls
 b - 5 scrolls of enchant weapon
 d - 11 scrolls of identify
 g - 13 scrolls of remove curse
 j - 5 scrolls of fog
 k - 4 scrolls of blinking
 l - 5 scrolls of teleportation
 m - 4 scrolls of magic mapping
 p - 2 scrolls of fear
 v - 2 scrolls of noise
 F - 4 scrolls of enchant armour
 M - a scroll of holy word
 N - a scroll of summoning
Potions
 a - 8 potions of curing
 e - 3 potions of degeneration
 n - 5 potions of resistance
 s - 4 potions of brilliance
 t - 7 potions of lignification
 w - 2 potions of mutation
 x - 2 potions of ambrosia
 z - a potion of haste
 A - a potion of magic
 B - 2 potions of heal wounds
 C - 2 potions of might
 G - a potion of cancellation
 I - a potion of stabbing
 L - 2 potions of berserk rage
Comestibles
 c - 84 rations


   Skills:
 + Level 11.2 Fighting
 + Level 17.3 Short Blades
 + Level 20.6 Dodging
 + Level 21.8 Stealth
 * Level 3.6 Shields


You had 15 spell levels left.
You didn't know any spells.
Your spell library was empty.

Dungeon Overview and Level Annotations

Branches:
Dungeon (15/15)            Temple (0/1) D:6            Lair (6/6) D:9
  Swamp (4/4) Lair:2       Spider (0/4) Lair:4        Slime (0/5) Lair:5
    Orc (2/2) D:11            Elf (0/3) Orc:2        Vaults (0/5) D:14
 Depths (0/5) D:15         Bailey (visited)         Volcano (visited)

Altars:
Ashenzari
Cheibriados
Dithmenos
Elyvilon
Fedhas
Hepliaklqana
Kikubaaqudgha
Makhleb
Nemelex Xobeh
Qazlal
Ru
Sif Muna
Uskayaw
Vehumet
Xom
Zin
Beogh

Shops:
D:7 %   D:10 (   D:13 *   Orc:2 ((%:

Portals:
Hell: Lair:6
Trove: D:10 (give +5 demon whip)


Innate Abilities, Weirdness & Mutations

You are very small and have problems with some larger weapons.
You are too small for most types of armour.
You have supernaturally acute eyesight. (SInv)
You are a herbivore.
You cover ground extremely quickly.
You need to consume almost no food.


Message History

Trog accepts your kill.
You enter the shallow water.
Moving in this stuff is going to be slow.
You feel a strong urge to attack something.
You are no longer berserk.
Trog's vigour flows through your veins.
You are exhausted.
You feel yourself slow down.
You block the eight-headed hydra simulacrum's attack. x2
You enter the shallow water.
Moving in this stuff is going to be slow.
You enter the shallow water.
Moving in this stuff is going to be slow.
You block the eight-headed hydra simulacrum's attack.
The eight-headed hydra simulacrum bites you.
* * * LOW HITPOINT WARNING * * *
The eight-headed hydra simulacrum freezes you!!
* * * LOW HITPOINT WARNING * * *
The eight-headed hydra simulacrum bites you!
You die...

.≈≈≈...≈≈≈≈≈≈≈.≈.≈≈≈.♣ ♣≈≈≈≈≈≈.≈
.≈≈≈.≈≈≈≈≈≈≈≈≈.♣♣...♣♣ ♣.≈≈≈≈≈≈≈
.....≈≈≈≈≈≈≈...♣♣♣≈≈♣ ♣♣♣.≈≈≈≈.
.≈≈§..≈≈≈≈≈≈.♣≈♣ ♣♣♣♣♣♣♣♣♣....≈≈≈
≈.≈≈≈...≈≈≈≈.≈♣♣ ♣≈≈≈.≈≈≈.≈..≈
≈.....§..÷≈..♣♣ ♣♣≈≈≈≈≈≈≈≈....
≈..........♣♣♣♣♣♣♣♣♣≈≈≈§≈≈≈≈≈≈...
≈≈≈§≈≈≈≈≈.≈≈≈≈≈♣♣§≈≈≈≈≈≈≈≈≈≈≈≈≈≈≈
≈.≈≈.≈≈≈≈.≈.≈≈≈.@Z≈≈≈≈≈..≈≈≈≈≈≈§≈
..≈.≈.≈≈≈≈..≈≈≈§♣.≈.≈≈...≈≈♣≈≈≈≈.
.≈≈≈..≈≈≈≈.♣.§≈§♣♣.≈.....≈≈≈≈ .≈.
.≈≈≈..≈≈..♣♣♣≈.≈♣♣....♣♣.≈≈ ≈.≈
.≈≈≈...≈♣♣♣ ♣♣♣♣♣♣♣♣♣♣♣ .≈≈≈≈≈.♣♣
.≈≈≈...♣ .≈≈≈≈.♣♣ ....≈≈♣


You could see an eight-headed hydra simulacrum.

Vanquished Creatures
  Frances (D:14)
  2 thorn hunters
  Donald (Orc:2)
  Aizul (Swamp:1)
  Nessos (Lair:4)
  3 vault guards (D:14)
  An ice dragon (Swamp:4)
  A hell beast (Lair:6)
  16 hydras
  A ghost crab (Swamp:4)
  2 centaur warriors
  11 two-headed ogres
  2 tengu warriors
  7 death yaks
  A vampire mage (D:15)
  9 alligators
  2 ogre magi (Orc:2)
  Nergalle (Lair:2)
  Sonja (D:10)
  3 spriggans
  4 unseen horrors
  5 skeletal warriors (D:15)
  A storm dragon skeleton (D:15)
  2 spriggan druids
  2 wizards
  3 swamp dragons
  2 deep trolls (Orc:2)
  An orc knight (Bailey)
  The ghost of dvd2 the Cleaver, a novice HOGl (D:5)
  A necromancer (D:15)
  An orc sorcerer (Orc:1)
  16 ugly things
  3 cyclopes
  11 elephants
  3 gargoyles
  18 cane toads
  A torpor snail (Lair:2)
  2 black mambas
  A molten gargoyle (Volcano)
  2 orange demons (Lair:6)
  4 centaur skeletons
  A kobold demonologist (D:15)
  Maggie (D:8)
  4 freezing wraiths
  A yaktaur zombie (D:15)
  A spriggan zombie (D:15)
  5 rime drakes (Lair:6)
  An efreet (D:14)
  9 komodo dragons
  A hellwing (Lair:6)
  2 tengu conjurers (D:15)
  2 ice devils (Lair:6)
  3 jumping spiders
  A guardian mummy (D:15)
  6 polar bears
  A red devil (Lair:6)
  8 trolls
  7 tyrant leeches
  6 hornets
  A harpy skeleton (D:15)
  3 bog bodies
  7 dream sheep
  A fire dragon zombie (D:15)
  13 slime creatures
  28 blink frogs
  6 hippogriffs
  Sigmund (D:5)
  3 wraiths
  2 shadows
  A wyvern (D:14)
  A tarantella (shapeshifter) (D:15)
  7 redbacks
  4 hogs (D:8)
  69 yaks
  Grum (D:9)
  5 basilisks
  A fire elemental (Volcano)
  A human (D:8)
  15 vampire mosquitoes
  A swamp worm simulacrum (Swamp:4)
  A steam dragon (D:8)
  2 wargs (Orc:1)
  15 swamp worms
  An acid dragon (D:8)
  8 water moccasins
  8 insubstantial wisps
  A soldier ant (D:14)
  2 hell hounds (Lair:6)
  8 porcupines
  3 sky beasts
  4 ice beasts
  37 orc warriors
  6 swamp drakes
  A necrophage (D:9)
  An eye of draining (D:15)
  5 black bears
  3 phantoms
  24 ogres
  9 centaurs
  4 wolves (D:9)
  18 crocodiles
  26 bullfrogs
  A big kobold (D:13)
  6 scorpions
  8 wights
  2 howler monkeys
  4 killer bees (D:9)
  An electric eel (D:15)
  2 bullfrog zombies
  2 quasits
  3 centaur zombies
  4 jellies
  19 orc wizards
  5 hounds
  17 orc priests
  Crazy Yiuf (D:4)
  2 bullfrog skeletons
  3 iguanas
  13 worker ants
  2 hound zombies
  A hound skeleton (D:5)
  6 gnolls
  2 howler monkey skeletons
  15 adders
  4 shadow imps
  2 white imps
  2 ufetubi
  2 oozes
  An adder zombie (D:5)
  A worm (D:2)
  3 dart slugs
  7 leopard geckos
  93 orcs
  7 bats
  3 giant cockroaches
  4 hobgoblins
  7 jackals
  A quokka (D:3)
  2 ball pythons
  2 frilled lizards (D:4)
  13 goblins
  15 kobolds
  A leopard gecko zombie (D:6)
  7 rats
  A briar patch (Swamp:3)
  A fungus (Lair:6)
867 creatures vanquished.

Vanquished Creatures (others)
  An alligator (Swamp:4)
  A swamp worm simulacrum (Swamp:4)
  A swamp worm (Swamp:4)
  2 briar patches (Swamp:4)
  A bush (Lair:1)
  16 fungi
  29 plants
51 creatures vanquished.

Grand Total: 918 creatures vanquished

Notes
Turn   | Place    | Note
-------+----------+-------------------------------------------
     0 | D:1      | Infinimo the Spriggan Berserker began the quest for the
                  | Orb.
     0 | D:1      | Reached XP level 1. HP: 11/11 MP: 2/2
   316 | D:1      | Reached XP level 2. HP: 14/16 MP: 3/3
   968 | D:2      | Reached skill level 1 in Stealth
  1101 | D:2      | Reached XP level 3. HP: 15/19 MP: 4/4
  1216 | D:2      | Found a white marble altar of Elyvilon.
  1635 | D:2      | Found a sacrificial altar of Ru.
  1650 | D:2      | Reached skill level 5 in Dodging
  1765 | D:3      | Reached ** piety under Trog
  1812 | D:3      | Reached skill level 2 in Stealth
  1812 | D:3      | Reached XP level 4. HP: 20/23 MP: 5/5
  2130 | D:3      | Found a hide-covered altar of Uskayaw.
  2451 | D:3      | Reached XP level 5. HP: 28/28 MP: 6/6
  2673 | D:3      | Reached skill level 3 in Stealth
  3050 | D:4      | Reached skill level 5 in Short Blades
  3163 | D:4      | Found a shimmering blue altar of Sif Muna.
  3246 | D:4      | Reached *** piety under Trog
  3386 | D:4      | Reached XP level 6. HP: 26/32 MP: 7/7
  3572 | D:4      | Found a shimmering altar of Xom.
  3960 | D:4      | Found a runed translucent door.
  3961 | D:4      | Noticed Crazy Yiuf
  3980 | D:4      | Found a snail-covered altar of Cheibriados.
  4134 | D:4      | Killed Crazy Yiuf
  4185 | D:5      | Entered Level 5 of the Dungeon
  4217 | D:5      | Noticed Sigmund
  4223 | D:5      | Killed Sigmund
  4223 | D:5      | Reached skill level 4 in Stealth
  4237 | D:5      | Found a blossoming altar of Fedhas.
  4261 | D:5      | Found a transporter.
  4264 | D:5      | Found a transporter.
  4264 | D:5      | Noticed dvd2's ghost (novice HOGl)
  4506 | D:5      | Reached XP level 7. HP: 36/36 MP: 8/8
  4784 | D:5      | Killed dvd2's ghost
  4784 | D:5      | Reached skill level 6 in Stealth
  5009 | D:6      | Reached XP level 8. HP: 40/42 MP: 9/9
  5482 | D:6      | Reached skill level 7 in Stealth
  5846 | D:6      | HP: 3/63 [orc warrior/+0 glaive (11)]
  6152 | D:6      | Found a staircase to the Ecumenical Temple.
  6422 | D:6      | Reached skill level 5 in Fighting
  6422 | D:6      | Reached XP level 9. HP: 47/47 MP: 10/10
  6511 | D:6      | Found a shattered altar of Ashenzari.
  6552 | D:6      | Found a stormy altar of Qazlal.
  6552 | D:6      | Found a shadowy altar of Dithmenos.
  6559 | D:6      | Found a radiant altar of Vehumet.
  6561 | D:6      | Found a glowing silver altar of Zin.
  6563 | D:6      | Found an ancient bone altar of Kikubaaqudgha.
  6721 | D:6      | Reached skill level 8 in Stealth
  7056 | D:7      | Reached **** piety under Trog
  7145 | D:7      | Found Caraod's Food Boutique.
  7565 | D:7      | Found a sparkling altar of Nemelex Xobeh.
  7698 | D:7      | Got a shadowed robe
  7709 | D:7      | Identified the +2 robe of Polytheism {rElec rC- Str+4} (You
                  | found it on level 7 of the Dungeon)
  7933 | D:8      | Reached skill level 9 in Stealth
  8040 | D:8      | Noticed Maggie
  8058 | D:8      | Killed Maggie
  8058 | D:8      | Reached skill level 10 in Short Blades
  8145 | D:8      | Reached skill level 10 in Dodging
  8230 | D:8      | Found a hazy altar of Hepliaklqana.
  8420 | D:8      | Reached XP level 10. HP: 53/53 MP: 11/11
  8431 | D:8      | Reached skill level 10 in Stealth
  8497 | D:8      | Identified the cursed +0 long sword "Etuterph" {venom, rC+}
  8497 | D:8      | Noticed a centaur warrior
  8512 | D:8      | Noticed an unseen horror
  8517 | D:8      | Killed a centaur warrior
  8525 | D:8      | Killed an unseen horror
  8674 | D:8      | Identified the cursed +0 great sword of Fixation {vorpal,
                  | *Rage *Drain rElec Str+8}
  9589 | D:8      | Reached ***** piety under Trog
  9589 | D:8      | Reached skill level 11 in Stealth
  9745 | D:9      | Noticed Grum
  9768 | D:9      | Killed Grum
 10238 | D:9      | Reached XP level 11. HP: 58/58 MP: 12/12
 10262 | D:9      | Found a staircase to the Lair.
 11433 | Lair:1   | Entered Level 1 of the Lair of Beasts
 11603 | Lair:1   | Noticed a seven-headed hydra
 11672 | Lair:1   | Killed a seven-headed hydra
 11832 | Lair:1   | Noticed an eight-headed hydra
 11853 | Lair:1   | Killed an eight-headed hydra
 11853 | Lair:1   | Reached skill level 12 in Stealth
 12592 | Lair:1   | Reached skill level 13 in Stealth
 13121 | Lair:2   | Noticed Nergalle
 13128 | Lair:2   | Killed Nergalle
 13241 | Lair:2   | Reached skill level 14 in Stealth
 13915 | Lair:2   | Reached XP level 12. HP: 63/63 MP: 13/13
 14227 | Lair:2   | Noticed an eight-headed hydra
 14244 | Lair:2   | Reached skill level 15 in Stealth
 14697 | Lair:2   | Noticed a six-headed hydra
 15181 | Lair:2   | Found a staircase to the Swamp.
 15377 | Lair:2   | Killed an eight-headed hydra
 15584 | Lair:3   | Noticed an eight-headed hydra
 15590 | Lair:3   | Killed an eight-headed hydra
 15605 | Lair:3   | Found a white marble altar of Elyvilon.
 15760 | Lair:3   | Noticed an eight-headed hydra
 15776 | Lair:3   | Killed an eight-headed hydra
 15776 | Lair:3   | Reached skill level 15 in Dodging
 16852 | Lair:4   | Noticed Nessos
 16859 | Lair:4   | Killed Nessos
 16859 | Lair:4   | Reached skill level 16 in Stealth
 16927 | Lair:4   | Found a hole to the Spider Nest.
 16975 | Lair:4   | Received a gift from Trog
 17672 | Lair:5   | Reached XP level 13. HP: 67/67 MP: 14/14
 17785 | Lair:5   | Found a staircase to the Slime Pits.
 17848 | Lair:5   | Reached skill level 17 in Stealth
 19451 | Lair:6   | Entered Level 6 of the Lair of Beasts
 19517 | Lair:5   | Reached skill level 18 in Stealth
 20225 | Lair:6   | Reached ****** piety under Trog
 20506 | Lair:6   | Received a gift from Trog
 20983 | Lair:6   | Reached XP level 14. HP: 73/73 MP: 15/15
 21173 | Lair:6   | Reached skill level 15 in Short Blades
 21744 | Lair:6   | Found a burning altar of Makhleb.
 22110 | Lair:6   | Reached skill level 19 in Stealth
 22768 | Lair:6   | Found a gateway to Hell.
 23047 | D:10     | Entered Level 10 of the Dungeon
 23065 | D:10     | Found a flagged portal.
 23079 | Bailey   | Entered a bailey
 23242 | Bailey   | Found a roughly hewn altar of Beogh.
 24021 | D:10     | Found a portal to a secret trove of treasure.
 24022 | D:10     | Noticed Sonja
 24038 | D:10     | Killed Sonja
 24107 | D:10     | Found a stormy altar of Qazlal.
 24140 | D:10     | Found Esioweuh's Weapon Shoppe.
 24192 | D:10     | Received a gift from Trog
 25260 | D:11     | Found a staircase to the Orcish Mines.
 25287 | D:11     | Found a roughly hewn altar of Beogh.
 25510 | Orc:1    | Entered Level 1 of the Orcish Mines
 25902 | Orc:1    | Received a gift from Trog
 26138 | Orc:2    | Entered Level 2 of the Orcish Mines
 26138 | Orc:2    | Found a staircase to the Elven Halls.
 26143 | Orc:2    | Noticed Donald
 26175 | Orc:2    | Killed Donald
 26691 | Orc:2    | Reached XP level 15. HP: 63/79 MP: 16/16
 26825 | Orc:2    | Found a dark tunnel.
 26924 | Volcano  | Entered a volcano
 26936 | Volcano  | Got a pair of pitted gloves
 27386 | Orc:2    | Reached skill level 20 in Stealth
 27402 | Orc:2    | Received a gift from Trog
 27430 | Orc:2    | Found Ecribb's Weapon Shop.
 27717 | Orc:2    | Found Neqeri's Weapon Emporium.
 27719 | Orc:2    | Found Cuemaim's Food Shoppe.
 27736 | Orc:2    | Found Heschoom's Book Emporium.
 27739 | Orc:2    | Bought a +2 rapier of speed for 384 gold pieces
 29461 | D:13     | Found Hosarph's Assorted Antiques.
 29502 | D:13     | Bought a scroll of identify for 60 gold pieces
 29502 | D:13     | Bought a scroll labeled KEATOW CAROMOU for 30 gold pieces
 29897 | D:14     | Noticed Frances
 29899 | D:14     | Killed Frances
 29899 | D:14     | Reached skill level 10 in Fighting
 30862 | D:14     | Found a gate to the Vaults.
 31863 | D:15     | Entered Level 15 of the Dungeon
 31879 | D:15     | Received a gift from Trog
 32583 | D:15     | Reached skill level 21 in Stealth
 32658 | D:15     | Found a staircase to the Depths.
 33594 | D:15     | Reached XP level 16. HP: 86/86 MP: 17/17
 34197 | Swamp:1  | Entered Level 1 of the Swamp
 34246 | Swamp:1  | Noticed Aizul
 34251 | Swamp:1  | Killed Aizul
 35740 | Swamp:2  | Received a gift from Trog
 36107 | Swamp:2  | Reached skill level 1 in Shields
 37125 | Swamp:3  | Noticed a thorn hunter
 37427 | Swamp:3  | Killed a thorn hunter
 38523 | Swamp:4  | Entered Level 4 of the Swamp
 38967 | Swamp:4  | Noticed a thorn hunter
 39348 | Swamp:4  | Killed a thorn hunter
 40059 | Swamp:4  | Slain by an eight-headed hydra simulacrum

Illustrated notes

Levels and vault maps discovered:
D:1:      psy_arrival_statuary, layout_loops_ring
D:2:      layout_basic, elyvilon_altar_1, nicolae_ru_the_path_less_chosen,
          first_ration
D:3:      layout_loops_corners, eat_drink_and_be_merry_uskayaw
D:4:      layout_basic, old_standard_altar, lemuel_round_altar, tgw_xom,
          uniq_crazy_yiuf_cottage
D:5:      layout_loops_ring, fedhas_altar_3, gammafunk_ghost_arena,
          minmay_misc_feat_square, uniq_sigmund
D:6:      layout_layer_cave, nicolae_overflow_hidden_temple,
          chequers_temple_overflow_minitemple, temple_fountains
D:7:      layout_loops_ring, basic_altar, serial_shops, shop
D:8:      layout_rooms, nicolae_overflow_crystal_walls, grunt_livestock,
          minmay_the_grid_2x2 [minmay_the_grid_small_cups,
          minmay_the_grid_dragon_b, minmay_the_grid_doors,
          minmay_the_grid_prize_trominoes], uniq_maggie
D:9:      layout_small_grid, due_lair_maze_entry_diamond, uniq_grum
D:10:     layout_roguey [special_room_orc], enter_bailey_3,
          nicolae_trove_entry_crossroad, serial_shops, shop,
          nicolae_qazlal_style_of_elements, uniq_sonja
D:11:     layout_roguey, minmay_orc_entry_temple_small
D:12:     layout_basic
D:13:     layout_roguey, serial_shops, shop_statue
D:14:     layout_cave_pools, lightli_vaults_fourway_checkpoint, minmay_holes,
          minmay_misc_feat_room, hangedman_abyss_or_decor_passed, uniq_frances
D:15:     gammafunk_depths_entry_grave, layout_loops_corners,
          serial_bayou_lagoon_a, minivault_22
Lair:1:   beast_lair_carwin_large_2, layout_long_grid, lemuel_fruit_tree,
          grunt_megastairs_2
Lair:2:   layout_gridlike, palyth_hydra_swamp_entry, uniq_nergalle
Lair:3:   layout_regular_city, basic_altar, infiniplex_staircase_pool
Lair:4:   layout_gridlike, nicolae_spider_entry_tight_spaces,
          lemuel_fruit_fields, uniq_nessos
Lair:5:   layout_small_grid, slime_dummy, st_stairs_13, lemuel_fruit_fields
Lair:6:   evil_forest, layout_loops_ring, serial_rivers,
          chequers_serial_rivers_room_a, chequers_serial_rivers_micro_c,
          chequers_serial_rivers_large_a, chequers_serial_rivers_marsh,
          chequers_serial_rivers_small_a
Swamp:1:  layout_basic_swamp, serial_swamp_ruin, evilmike_swamp_ruin_house_4,
          evilmike_swamp_ruin_rubble_1, evilmike_swamp_ruin_house_6,
          statue_in_the_mist_lemuel, swamp_pool2, uniq_aizul
Swamp:2:  layout_basic_swamp, evilmike_swamp_ruin_house_5
Swamp:3:  layout_falls_marsh, nicolae_swamp_little_tower, swamp_pool1
Swamp:4:  swamp_icy, layout_basic_swamp
Orc:1:    layout_diamond_mine
Orc:2:    st_orc_open, layout_caves, nicolae_volcano_entry_two_sided,
          uniq_donald

Skill      XL: |  1  2  3  4  5  6  7  8  9 10 11 12 13 14 15 16 |
---------------+-------------------------------------------------+-----
Stealth        | 1 2 3 4 6 7 9 11 14 16 18 19 21 | 21.8
Short Blades   | 4 5 6 7 8 10 12 13 14 15 16 17 | 17.3
Dodging        | 5 6 7 8 10 11 13 15 17 18 20 | 20.6
Fighting       | 3 4 5 6 7 8 9 10 11 | 11.2
Shields        | 3 |  3.6

Action                   |  1- 3 |  4- 6 |  7- 9 | 10-12 | 13-15 | 16-18 || total
-------------------------+-------+-------+-------+-------+-------+-------++-------
Melee: Short sword       |    85 |   133 |   332 |   853 |  1595 |       ||  2998
       Rapier            |       |       |       |       |   936 |   769 ||  1705
Invok: Berserk           |     1 |     3 |     9 |    26 |    28 |    12 ||    79
  Use: Scroll            |       |       |    17 |    12 |     6 |     6 ||    41
       Potion            |       |       |       |     2 |     3 |     5 ||    10
 Stab: Sleeping          |     3 |    11 |    16 |    30 |    97 |    26 ||   183
       Distracted        |       |     1 |       |     4 |     9 |     3 ||    17
       Confused          |       |       |       |       |       |     2 ||     2
  Eat: Ration            |       |       |     2 |     4 |     6 |     3 ||    15
Armor: Animal skin       |     3 |     9 |     3 |       |       |       ||    15
       Steam dragon scal |       |       |     2 |    35 |    84 |    22 ||   143
Dodge: Dodged            |    62 |   107 |   217 |   622 |  1777 |   471 ||  3256
Block: Buckler           |       |       |       |       |       |   133 ||   133

Table legend:
 A = Non-vault XP
 B = Vault XP
 C = Vault XP percentage of total XP
 D = Non-vault monster count
 E = Vault monster count
 F = Vault count percentage of total count
                 A         B        C        D         E       F
            +---------+---------+-------+---------+---------+-------
      Total |  135630 |   61416 |  31.2 |     633 |     232 |  26.8
            +---------+---------+-------+---------+---------+-------
        D:1 |      27 |       0 |   0.0 |      11 |       0 |   0.0
        D:2 |      54 |       0 |   0.0 |      17 |       0 |   0.0
        D:3 |     143 |       0 |   0.0 |      29 |       0 |   0.0
        D:4 |     172 |      58 |  25.2 |      13 |       6 |  31.6
        D:5 |      63 |     906 |  93.5 |       3 |       6 |  66.7
        D:6 |    1430 |       0 |   0.0 |      26 |       0 |   0.0
        D:7 |     953 |       0 |   0.0 |      17 |       0 |   0.0
        D:8 |    1392 |    4503 |  76.4 |      20 |      28 |  58.3
        D:9 |    1022 |    1544 |  60.2 |      23 |      13 |  36.1
       D:10 |    1333 |    1564 |  54.0 |      22 |      30 |  57.7
       D:11 |    7205 |     229 |   3.1 |      38 |       7 |  15.6
       D:12 |    3421 |       0 |   0.0 |      19 |       0 |   0.0
       D:13 |    1260 |       0 |   0.0 |      21 |       0 |   0.0
       D:14 |    7798 |    7260 |  48.2 |      21 |      11 |  34.4
       D:15 |   15476 |    4525 |  22.6 |      38 |       9 |  19.1
     Lair:1 |    3925 |    1644 |  29.5 |      12 |       7 |  36.8
     Lair:2 |    5789 |    2493 |  30.1 |      26 |       8 |  23.5
     Lair:3 |    3487 |       0 |   0.0 |       8 |       0 |   0.0
     Lair:4 |    4567 |    2877 |  38.6 |      18 |       7 |  28.0
     Lair:5 |   16763 |     107 |   0.6 |      47 |       1 |   2.1
     Lair:6 |   17588 |    8718 |  33.1 |      53 |      24 |  31.2
    Swamp:1 |    7710 |    1595 |  17.1 |      18 |       1 |   5.3
    Swamp:2 |    8912 |       0 |   0.0 |      31 |       0 |   0.0
    Swamp:3 |    8289 |     361 |   4.2 |      24 |       1 |   4.0
    Swamp:4 |   11806 |    1575 |  11.8 |      22 |       5 |  18.5
      Orc:1 |    3140 |       0 |   0.0 |      38 |       0 |   0.0
      Orc:2 |    1905 |   17317 |  90.1 |      18 |      38 |  67.9
     Bailey |       0 |    2683 | 100.0 |       0 |      26 | 100.0
    Volcano |       0 |    1457 | 100.0 |       0 |       4 | 100.0
            +---------+---------+-------+---------+---------+-------
